 Dungeon Crawl Stone Soup version 0.25-a0-346-g140ab784a8 (webtiles) character file.

Game seed: 15398358890148484318, levelgen mode: deterministic

1069 wolfbird the Slasher (level 8, -12/69 HPs)
             Began as a Hill Orc Chaos Knight on Dec 31, 2019.
             Was a Plaything of Xom.
             Mangled by an orc warrior
             ... wielding a +0 battleaxe
              (19 damage)
             ... on level 6 of the Dungeon.
             The game lasted 00:57:59 (5515 turns).

wolfbird the Slasher (Hill Orc Chaos Knight)        Turns: 5515, Time: 00:58:00

Health: -12/69     AC: 12    Str: 17    XL:     8   Next: 28%
Magic:  8/8        EV: 12    Int: 12    God:    Xom [...*..]
Gold:   310        SH:  0    Dex: 10    Spells: 7/7 levels left

rFire    . . .     SeeInvis +   P - +1 battleaxe (chop)
rCold    . . .     Gourm    .   (shield currently unavailable)
rNeg     . . .     Faith    .   b - +2 leather armour
rPois    .         Spirit   .   (no helmet)
rElec    .         Reflect  .   g - +0 cloak
rCorr    .         Harm     .   (no gloves)
MR       .....                  y - +0 pair of boots
Stlth    ++........             (no amulet)
HPRegen  0.21/turn              p - ring of see invisible
MPRegen  0.11/turn              r - +5 ring of protection

@: no status effects
A: no striking features
a: Renounce Religion


You were on level 6 of the Dungeon.
You worshipped Xom.
You were a favourite toy of Xom.
You were very hungry.

You visited 1 branch of the dungeon, and saw 6 of its levels.

You collected 310 gold pieces.

Inventory:

Hand Weapons
 a - a +0 falchion of chaos
 j - a +0 dagger of venom
 B - a +0 flail
 C - a +0 vampiric short sword
 K - a +0 whip of flaming
 N - a +0 hunting sling
 P - a +1 battleaxe of chopping (weapon)
 Q - a +0 trident
Missiles
 e - 56 arrows
 i - 171 stones
 l - 35 bolts
 n - 32 poisoned darts
 t - 5 javelins (quivered)
 w - 8 atropa-tipped darts
 H - a boomerang
 I - 19 sling bullets
Armour
 b - a +2 leather armour (worn)
 g - a +0 cloak (worn)
 y - a +0 pair of boots (worn)
 J - a +0 plate armour
 L - a +2 robe
 O - a +0 chain mail
Magical Staves
 E - an uncursed staff of earth
Jewellery
 o - an uncursed ring of resist corrosion
 p - a ring of see invisible (left hand)
 r - a +5 ring of protection (right hand)
 x - an uncursed ring of fire
Wands
 h - a wand of random effects (13)
Scrolls
 k - 3 scrolls of identify
 u - 3 scrolls of remove curse {unknown}
 A - a scroll of magic mapping {unknown}
 D - a scroll of teleportation {unknown}
Potions
 d - 2 potions of curing {unknown}
 f - 3 potions of brilliance
 m - a potion of berserk rage {unknown}
 v - a potion of lignification {unknown}
 z - a potion of haste {unknown}
Comestibles
 c - 7 rations


   Skills:
 + Level 5.5 Fighting
 + Level 7.2 Long Blades
 - Level 0.5 Throwing
 - Level 3.9 Armour
 - Level 2.5 Dodging
 + Level 4.0 Stealth


You had 7 spell levels left.
You didn't know any spells.
Your spell library was empty.

Dungeon Overview and Level Annotations

Branches:
Dungeon (6/15)
 Temple: D:4-7

Altars:
Gozag
Kikubaaqudgha
Makhleb
Qazlal
Uskayaw
Vehumet
Wu Jian
Xom

Annotations:
D:4 Menkaure
D:6 walterwhite's ghost, novice MiFi


Message History

The orc warrior closely misses you.
The white imp laughs crazily.
The orc warrior closely misses you.
You slash the orc warrior!
The orc warrior is heavily wounded.
The orc warrior closely misses you.
You closely miss the orc warrior.
The orc warrior is heavily wounded.
The orc warrior hits you with a +0 battleaxe!
* * * LOW HITPOINT WARNING * * *
You closely miss the orc warrior.
The orc warrior is heavily wounded.
The orc warrior misses you. The white imp puffs mist at you.
The orc warrior misses you.
You closely miss the orc warrior.
The orc warrior is heavily wounded.
The orc warrior hits you with a +0 battleaxe!!
You die...
Xom chortles!

...!.## # #. ..=...# .# #
#.# .....#..# ##s ...
###...... ... ... ...5..
#.## #.# #### ###...#
#.##..#####..####...#
#.........o.....[[#.....#
#.#..####..@###########s#.#
#.#..# ##.######.. # #.#..#
#.<......# .####....#
#.######## .......<#####)#
#............#
#........#####
#...............
#).......######.


You could see an orc warrior and a white imp.

Vanquished Creatures
  Pikel (D:5)
  An ice beast (D:5)
  A sky beast (D:5)
  A tengu (D:5)
  A quasit (D:5)
  2 hounds
  2 orc wizards (D:5)
  2 worker ants
  2 hound skeletons
  2 adders
  A shadow imp (D:5)
  An adder skeleton (D:5)
  A worm (D:4)
  4 leopard geckos
  19 orcs
  2 ball pythons
  5 giant cockroaches
  4 goblins
  5 hobgoblins
  8 jackals
  A quokka (D:3)
  7 bats
  7 frilled lizards
  A jackal skeleton (D:3)
  5 kobolds
  4 rats
90 creatures vanquished.

Vanquished Creatures (collateral kills)
  An orc warrior (D:6)
  An orc (D:6)
2 creatures vanquished.

Vanquished Creatures (others)
  A slave (D:5)
  A centaur (D:5)
  An orc wizard (D:6)
  A leopard gecko (D:5)
4 creatures vanquished.

Grand Total: 96 creatures vanquished

Notes
Turn   | Place    | Note
-------+----------+-------------------------------------------
     0 | D:1      | wolfbird the Hill Orc Chaos Knight began the quest for the
                  | Orb.
     0 | D:1      | Reached XP level 1. HP: 19/19 MP: 1/1
   386 | D:1      | Reached XP level 2. HP: 27/27 MP: 2/2
   863 | D:2      | Found a radiant altar of Vehumet.
  1018 | D:2      | Reached XP level 3. HP: 33/33 MP: 3/3
  1170 | D:2      | XOM: noise
  1289 | D:2      | XOM: noise
  1311 | D:2      | XOM: cloud trail
  1434 | D:3      | Reached skill level 4 in Long Blades
  1579 | D:3      | Found an ornate altar of the Wu Jian Council.
  1668 | D:3      | Reached XP level 4. HP: 40/41 MP: 4/4
  1672 | D:3      | Reached skill level 1 in Dodging
  1733 | D:3      | XOM: silly message
  2192 | D:4      | Found an opulent altar of Gozag.
  2196 | D:4      | Found a burning altar of Makhleb.
  2201 | D:4      | Found an ancient bone altar of Kikubaaqudgha.
  2492 | D:4      | Found a hide-covered altar of Uskayaw.
  2535 | D:4      | Reached XP level 5. HP: 47/47 MP: 5/5
  2622 | D:4      | Found a stormy altar of Qazlal.
  2827 | D:5      | Entered Level 5 of the Dungeon
  2827 | D:5      | Noticed Menkaure
  2827 | D:5      | Noticed a sky beast
  2828 | D:5      | XOM: divination: magic mapping
  2839 | D:4      | XOM: cast spell 'Call Canine Familiar'
  3150 | D:4      | XOM: divination: detect items
  3514 | D:5      | Killed a sky beast
  3514 | D:5      | Reached skill level 5 in Long Blades
  3514 | D:5      | Reached XP level 6. HP: 31/55 MP: 6/6
  3559 | D:5      | XOM: silly message
  3686 | D:5      | XOM: divination: magic mapping
  3704 | D:5      | Noticed a slave
  3710 | D:5      | XOM: silly message
  3713 | D:5      | Noticed a slave
  3713 | D:5      | Noticed Pikel
  3713 | D:5      | Noticed a slave
  3717 | D:5      | XOM: enchant monster (bad)
  3720 | D:5      | a slave changed into a tengu
  3720 | D:5      | XOM: polymorph slave -> tengu
  3721 | D:5      | XOM: destruction
  3729 | D:5      | XOM: summons 2 friendly demons
  3734 | D:5      | XOM: fog
  3822 | D:5      | XOM: noise
  3826 | D:5      | XOM: noise
  3861 | D:4      | XOM: harmless Air miscast
  3901 | D:4      | XOM: divination: detect items
  4235 | D:5      | Noticed an ice beast
  4236 | D:5      | XOM: divination: magic mapping
  4244 | D:5      | XOM: enchant monster (good)
  4249 | D:5      | Killed an ice beast
  4249 | D:5      | Reached skill level 5 in Fighting
  4249 | D:5      | Reached XP level 7. HP: 61/61 MP: 7/7
  4267 | D:5      | XOM: cloud trail
  4317 | D:5      | XOM: fog
  4318 | D:5      | XOM: scenery: create altars
  4326 | D:5      | XOM: potion effect (heal wounds)
  4327 | D:5      | XOM: summons 1 friendly demon
  4340 | D:5      | Killed Pikel
  4340 | D:5      | Reached skill level 7 in Long Blades
  4340 | D:5      | Reached XP level 8. HP: 35/69 MP: 8/8
  4549 | D:5      | XOM: divination: detect creatures
  4659 | D:5      | XOM: god gift: hunting sling {god gift}
  4797 | D:5      | XOM: god gift: 46 gold pieces
  4888 | D:6      | Noticed walterwhite's ghost (novice MiFi)
  4906 | D:6      | XOM: summons friendly quasit
  5264 | D:6      | XOM: potion effect (haste)
  5515 | D:6      | Mangled by an orc warrior

Levels and vault maps discovered:
D:1:      mrwooster_arrival_arrow, layout_loops_ring
D:2:      layout_rooms, vehumet_crystals
D:3:      layout_basic, lemuel_doored_altar
D:4:      layout_rooms, grunt_qazlal_clouds, lemuel_round_altar,
          minmay_overflow_temple_star_quad
D:5:      layout_loops_ring, first_ration, uniq_menkaure, uniq_pikel
D:6:      layout_loops_ring, gammafunk_ghost_icy, minmay_misc_feat_rows,
          chequers_big_river, minmay_joined_circles

Skill      XL: |  1  2  3  4  5  6  7  8 |
---------------+-------------------------+-----
Fighting       | 4 5 |  5.5
Long Blades    | 4 5 7 |  7.2
Dodging        | 1 2 |  2.5
Armour         | 3 |  3.9
Stealth        | 2 3 4 |  4.0
Throwing       | |  0.5

Action                   |  1- 3 |  4- 6 |  7- 9 || total
-------------------------+-------+-------+-------++-------
Melee: Falchion          |   113 |   165 |    32 ||   310
       Dagger            |       |       |     6 ||     6
       Short sword       |       |       |     5 ||     5
       Battleaxe         |       |       |    24 ||    24
Throw: Stone             |       |     3 |       ||     3
       Javelin           |       |       |     1 ||     1
  Use: Scroll            |     1 |     4 |     3 ||     8
 Stab: Paralysed         |     1 |     7 |       ||     8
       Petrified         |       |    16 |       ||    16
  Eat: Chunk             |     2 |     4 |     1 ||     7
       Ration            |       |     1 |     1 ||     2
Armor: Leather armour    |    55 |    68 |    26 ||   149
Dodge: Dodged            |    59 |    95 |    47 ||   201
       Rpst.: Falchion   |    12 |    31 |     5 ||    48

Table legend:
 A = Non-vault XP
 B = Vault XP
 C = Vault XP percentage of total XP
 D = Non-vault monster count
 E = Vault monster count
 F = Vault count percentage of total count
                 A         B        C        D         E       F
            +---------+---------+-------+---------+---------+-------
      Total |     843 |     685 |  44.8 |      90 |       1 |   1.1
            +---------+---------+-------+---------+---------+-------
        D:1 |      15 |       0 |   0.0 |      11 |       0 |   0.0
        D:2 |      39 |       0 |   0.0 |      18 |       0 |   0.0
        D:3 |      44 |       0 |   0.0 |      16 |       0 |   0.0
        D:4 |     122 |       0 |   0.0 |      13 |       0 |   0.0
        D:5 |     530 |     685 |  56.4 |      28 |       1 |   3.4
        D:6 |      93 |       0 |   0.0 |       4 |       0 |   0.0
            +---------+---------+-------+---------+---------+-------
